 Dungeon Crawl Stone Soup version 0.30.0-15-g856e2d3f33 (webtiles) character file.

Game seed: 3644139416333185917

98325 JanusIIV the Bludgeoner (level 16, -9/97 HPs)
             Began as a Gargoyle Berserker on May 18, 2023.
             Was the Champion of Trog.
             Killed from afar by an ogre mage (40 damage)
             ... with a bolt of magma
             ... on level 2 of the Orcish Mines.
             The game lasted 01:11:50 (23654 turns).

JanusIIV the Bludgeoner (Gargoyle Berserker)       Turns: 23654, Time: 01:11:50

Health: -9/97      AC: 35    Str: 28    XL:     16   Next: 22%
Magic:  16/16      EV: 10    Int:  9    God:    Trog [******]
Gold:   2286       SH:  9    Dex:  9    Spells: 15/15 levels left

rFire   . . .        d - +7 demon whip (flame)
rCold   + . .        C - +2 buckler {AC+3}
rNeg    + + .        D - +0 storm dragon scales
rPois   ∞            a - +2 helmet of Kozaost {rElec rN+ Regen+ SInv}
rElec   +            Q - +0 cloak
rCorr   .            t - +0 pair of gloves
SInv    +            (no boots)
Will    ++++.        U - amulet of regeneration Stlth
                     z - ring of protection from cold
HPRegen 2.96/turn    u - ring of willpower
MPRegen 0.15/turn

%: no passive effects
@: about to teleport, strong-willed, flying, regenerating, hasted, studying
Shields, very quick
A: sickness immunity, AC +12, big wings, negative energy resistance 1,
electricity resistance, torment resistance 1, petrification resistance
a: Renounce Religion, Berserk, Trog's Hand, Brothers in Arms


You were on level 2 of the Orcish Mines.
You worshipped Trog.
Trog was exalted by your worship.
You visited 3 branches of the dungeon, and saw 22 of its levels.
You also visited: Ossuary, Gauntlet and Ice Cave.

You collected 2533 gold pieces.
You spent 247 gold pieces at shops.

Inventory:

Hand Weapons
 d - a +7 demon whip of flaming (weapon)
 s - a +3 morningstar of flaming
Missiles
 l - 2 silver javelins (quivered)
 w - 4 javelins
Armour
 a - the +2 helmet of Kozaost (worn) {rElec rN+ Regen+ SInv}
   (You found it in a Gauntlet)

   rElec:     It insulates you from electricity.
   rN:        It protects you from negative energy.
   SInv:      It lets you see invisible.
   Regen:     It increases your rate of health regeneration.
 g - a +1 tower shield of cold resistance
 t - a +0 pair of gloves (worn)
 y - a +3 scale mail of cold resistance
 C - a +2 buckler of protection (worn)
 D - +0 storm dragon scales (worn)
 Q - a +0 cloak (worn)
Jewellery
 u - a ring of willpower (right hand)
 z - a ring of protection from cold (left hand)
 K - a +6 ring of intelligence
 U - an amulet of regeneration (around neck)
Wands
 e - a wand of digging (1)
 i - a wand of charming (7)
 A - a wand of roots (2)
Scrolls
 b - 14 scrolls of teleportation
 h - 2 scrolls of butterflies
 k - 14 scrolls of identify
 o - a scroll of brand weapon
 q - 2 scrolls of silence
 v - 2 scrolls of enchant armour
 x - 5 scrolls of poison
 B - a scroll of magic mapping
 J - 2 scrolls of fog
 O - 9 scrolls of immolation
Potions
 c - 3 potions of magic
 f - 3 potions of cancellation
 j - 3 potions of ambrosia
 m - 2 potions of mutation
 r - 8 potions of might
 F - a potion of invisibility
 G - 7 potions of curing
 M - 7 potions of haste
 T - a potion of resistance
Miscellaneous
 p - a phial of floods (inert)
 E - a lightning rod (1/4)
 P - a phantom mirror
 S - a box of beasts (inert)


   Skills:
 - Level 10.0 Fighting
 + Level 18.5 Maces & Flails
 - Level 10.0 Armour
 - Level 6.0 Dodging
 + Level 15.3 Shields
 - Level 12.0 Evocations


You had 15 spell levels left.
You didn't know any spells.
Your spell library was empty.

Dungeon Overview and Level Annotations

Branches:
Dungeon (15/15)            Temple (0/1) D:6            Lair (5/5) D:10
  Swamp (0/4) Lair:3       Spider (0/4) Lair:2        Slime (0/5) Lair:5
    Orc (2/2) D:9             Elf (0/3) Orc:2        Vaults (0/5) D:14
Ossuary (visited)           IceCv (visited)         Gauntlet (visited)
 Depths: D:15

Altars:
Dithmenos
Fedhas
Gozag
Hepliaklqana
Ru
Trog
Vehumet
Jiyva

Shops:
D:1 =:   D:10 [   D:14 *   Orc:2 *

Annotations:
D:4 3 runed translucent doors, Chodeload's ghost, amateur DgWn
D:9 Gastronok
Lair:4 exclusion: 2 oklob plants
Lair:5 1 runed translucent door
Orc:2 Sonja


Innate Abilities, Weirdness & Mutations

You are immune to sickness and miasma.
Your stone body is resilient. (AC +12)
You are immune to poison.
Your large and strong wings let you fly.
You resist negative energy. (rN+)
You are resistant to electric shocks. (rElec)
You are resistant to unholy torment.
You are immune to petrification.


Message History

The rock shatters into small pieces.
An ogre comes into view. It is wielding a +0 giant club.
You condense into your normal self.
Your +7 demon whip of flaming unmelds from your body.
Your +0 cloak unmelds from your body.
The +2 helmet of Kozaost {rElec rN+ Regen+ SInv} unmelds from your body.
Your +0 pair of gloves unmelds from your body.
Your +2 buckler of protection unmelds from your body.
Your +0 storm dragon scales unmelds from your body.
Your ring of protection from cold unmelds from your body.
Your ring of willpower unmelds from your body.
Your amulet of regeneration unmelds from your body.
Your +7 demon whip of flaming bursts into flame!
Reactivating autopickup.
You feel protected.
You hear a howl!
You feel better.
The two-headed ogre hits you but does no damage.
The two-headed ogre hits you with a +0 giant club!
* * * LOW HITPOINT WARNING * * *
A warg comes into view.
The warg howls!
You hear two shouts!
You hear a shout!
Your skin crawls.
You feel strong-willed.
A two-headed ogre comes into view.
It is wielding a +0 giant club and a +0 giant spiked club.
Okay, then.
Okay, then.
As you read the scroll of fear, it crumbles to dust.
You assume a fearsome visage.
The ogre looks frightened!
The cyclops looks frightened!
The troll looks frightened!
The two-headed ogre looks frightened!
The troll looks frightened!
The two-headed ogre looks frightened!
The warg looks frightened!
As you read the scroll of teleportation, it crumbles to dust.
You feel strangely unstable.
An ogre comes into view. It is wielding a +0 giant spiked club.
The two-headed ogre supplicates, "Please don't kill me!"
The ogre shouts!
The ogre mage casts a spell at you. The bolt of magma hits you!!!
You die...

**,,*,,,,,,,,,,
*,,,..,,,,,,,,,
**,.O.,,,,,,,,,
*#...,,,,,,,,,
*###.#..,,,,,,∩,,
**.#.C.O.,,,,,,,,,
*,......#...,,,,,,
####....###....,,,,,
##.#@#...........,,,,
#T..##..........∩,,,,
##.O#TOO.........,,,,
#..)..{TO.......,,,,
##O.#.#OOT......,,,,
#T...>O.O.......,,,
##.#.#T#O........,,
#...###OO.........,
##.#*#.OTO.........


You could see a two-headed ogre (fleeing), an ogre mage, a cyclops (fleeing), 2
trolls and 2 ogres.

Vanquished Creatures
  A tengu reaver (D:12)
  A storm dragon (D:12)
  A frost giant (D:12)
  Louise (D:14)
  A minotaur (Gauntlet)
  Azrael (D:14)
  3 ettins (D:12)
  A fire dragon (D:12)
  9 hydras
  3 boulder beetles
  3 centaur warriors
  3 catoblepae
  6 two-headed ogres
  3 death yaks (Lair:5)
  An orc high priest (Orc:1)
  A deep troll (shapeshifter) (D:12)
  An orb spider (Lair:2)
  Pikel (D:7)
  3 lindwurms (Lair:5)
  A wizard (D:14)
  3 orc knights
  A necromancer (IceCv)
  A deep elf pyromancer (D:12)
  A deep elf zephyrmancer (D:14)
  8 ugly things
  An oklob plant (Gauntlet)
  6 cyclopes
  An orc sorcerer (Orc:1)
  5 manticores
  16 elephants
  3 black mambas (Lair:5)
  5 torpor snails (Lair:5)
  2 gargoyles
  Maurice (D:9)
  An ice statue (IceCv)
  13 cane toads
  3 kobold demonologists
  3 rime drakes
  5 freezing wraiths
  Psyche (D:11)
  5 komodo dragons
  An unseen horror (D:11)
  10 ice devils (IceCv)
  3 tengu conjurers
  2 polar bears
  3 meliai (Lair:4)
  5 tyrant leeches
  A wolf spider simulacrum (D:14)
  12 trolls
  9 hornets
  9 blink frogs
  10 slime creatures
  8 dream sheep
  5 centaur simulacra
  5 wyverns
  A wraith (D:13)
  2 shadows
  2 dire elephant simulacra (IceCv)
  6 basilisks
  38 yaks
  A fire elemental (D:14)
  5 steam dragons
  6 vampire mosquitoes (Lair:3)
  Menkaure (D:6)
  A death yak simulacrum (IceCv)
  4 swamp worms (Gauntlet)
  Edmund (D:6)
  A harpy simulacrum (IceCv)
  6 wargs
  An acid dragon (Gauntlet)
  4 hell hounds (D:14)
  4 hydra simulacra (IceCv)
  12 water moccasins
  Duvessa (D:6)
  A sky beast (D:4)
  3 ice beasts
  A black bear (shapeshifter) (D:13)
  A black bear (D:7)
  14 orc warriors
  An ogre (D:5)
  7 wolves
  5 centaurs
  2 kobold brigands (D:14)
  10 bullfrogs
  3 wyvern zombies (Ossuary)
  A gnoll sergeant (D:11)
  5 scorpions
  3 cane toad simulacra (IceCv)
  A water moccasin zombie (Ossuary)
  3 wights (D:9)
  4 elephant simulacra (IceCv)
  33 killer bees
  4 electric eels (D:12)
  7 howler monkeys
  2 centaur zombies (Ossuary)
  3 bullfrog zombies (Ossuary)
  A wyvern simulacrum (Gauntlet)
  4 jellies
  10 orc priests
  3 gnoll boudas
  3 hounds
  14 mummies (Ossuary)
  5 iguanas
  14 orc wizards
  5 polar bear simulacra (IceCv)
  2 troll simulacra (IceCv)
  3 killer bee zombies (Ossuary)
  7 wolf simulacra (IceCv)
  2 boggart simulacra (D:12)
  A howler monkey zombie (Ossuary)
  Robin (D:3)
  22 gnolls
  10 adders
  2 naga simulacra (IceCv)
  A shadow imp (D:6)
  5 white imps
  2 ufetubi
  2 worms (D:3)
  3 dart slugs
  54 orcs
  6 ball pythons
  2 bats
  8 endoplasms
  3 giant cockroaches
  14 goblins
  7 hobgoblins
  2 jackals (D:1)
  3 quokkas
  4 frilled lizards
  9 kobolds
  7 rats
665 creatures vanquished.

Vanquished Creatures (collateral kills)
  Rupert (D:14)
  2 two-headed ogres (Orc:2)
  A boulder beetle (Lair:3)
  A centaur warrior (D:15)
  A tengu warrior (D:15)
  A deep troll (Orc:2)
  A komodo dragon (Lair:3)
  An ice devil (IceCv)
  A freezing wraith (IceCv)
  A queen bee (Lair:4)
  2 fire elementals (D:14)
  A killer bee (Lair:4)
14 creatures vanquished.

Vanquished Creatures (others)
  A rime drake (Lair:4)
  2 killer bees (Lair:4)
3 creatures vanquished.

Grand Total: 682 creatures vanquished

Notes
Turn   | Place    | Note
-------+----------+-------------------------------------------
     0 | D:1      | JanusIIV the Gargoyle Berserker began the quest for the
                  | Orb.
     0 | D:1      | Reached XP level 1. HP: 14/14 MP: 1/1
   104 | D:1      | Reached XP level 2. HP: 9/19 MP: 2/2
   188 | D:1      | Found Nuvemono's Jewellery Shop.
   399 | D:1      | Found Gotopt's Vocational Training.
   719 | D:1      | Reached XP level 3. HP: 24/24 MP: 3/3
  1014 | D:2      | Reached skill level 4 in Maces & Flails
  1044 | D:2      | Reached XP level 4. HP: 7/29 MP: 4/4
  1364 | D:2      | Reached ** piety under Trog
  1554 | D:2      | Reached XP level 5. HP: 33/34 MP: 5/5
  1977 | D:3      | Reached skill level 5 in Maces & Flails
  2037 | D:3      | Noticed Robin
  2054 | D:3      | Killed Robin
  2117 | D:3      | Found a radiant altar of Vehumet.
  2511 | D:3      | Found a faded altar of an unknown god.
  2735 | D:4      | Found a runed translucent gate.
  2736 | D:4      | Found a runed translucent gate.
  2736 | D:4      | Noticed Chodeload's ghost (amateur DgWn)
  2738 | D:4      | Found a runed translucent gate.
  2746 | D:4      | Reached XP level 6. HP: 32/40 MP: 6/6
  2846 | D:4      | Reached skill level 5 in Fighting
  2888 | D:4      | Reached skill level 6 in Maces & Flails
  2929 | D:5      | Entered Level 5 of the Dungeon
  2929 | D:5      | Noticed an ice beast
  3272 | D:4      | Reached *** piety under Trog
  3287 | D:4      | Identified the +6 ring mail of Day {rPois rCorr Slay-3}
  3297 | D:4      | Reached XP level 7. HP: 41/44 MP: 7/7
  3388 | D:4      | Found a sacrificial altar of Ru.
  3513 | D:5      | Reached skill level 7 in Maces & Flails
  3723 | D:5      | Reached skill level 8 in Maces & Flails
  3733 | D:5      | Reached XP level 8. HP: 43/51 MP: 8/8
  4875 | D:6      | Reached skill level 9 in Maces & Flails
  4875 | D:6      | Noticed Duvessa
  4875 | D:6      | Noticed Dowan
  4890 | D:6      | Killed Duvessa
  4893 | D:6      | Dowan changed into Dowan the scorpion
  4893 | D:6      | Noticed Dowan
  4897 | D:6      | Killed Dowan the scorpion
  5245 | D:6      | Noticed Menkaure
  5246 | D:6      | Noticed Edmund
  5253 | D:6      | Killed Menkaure
  5253 | D:6      | Reached **** piety under Trog
  5254 | D:6      | Reached skill level 10 in Maces & Flails
  5254 | D:6      | Reached XP level 9. HP: 46/55 MP: 9/9
  5257 | D:6      | Killed Edmund
  5258 | D:6      | Reached skill level 5 in Armour
  5376 | D:6      | Found a staircase to the Ecumenical Temple.
  6215 | D:7      | Noticed Pikel
  6219 | D:7      | Killed Pikel
  6220 | D:7      | Reached skill level 11 in Maces & Flails
  6560 | D:8      | Reached skill level 12 in Maces & Flails
  6565 | D:8      | Reached XP level 10. HP: 27/60 MP: 10/10
  6944 | D:8      | Found a sand-covered staircase.
  6950 | Ossuary  | Entered an ossuary
  7040 | Ossuary  | Reached ***** piety under Trog
  7080 | Ossuary  | Reached skill level 13 in Maces & Flails
  7354 | D:8      | Found a shadowy altar of Dithmenos.
  7789 | D:9      | Noticed a kobold demonologist
  7792 | D:9      | Noticed a kobold demonologist
  7795 | D:9      | Noticed a sun demon
  7797 | D:9      | Noticed a sixfirhy
  7804 | D:9      | Killed a kobold demonologist
  7811 | D:9      | Killed a kobold demonologist
  7965 | D:9      | Found a hazy altar of Hepliaklqana.
  8051 | D:9      | Noticed Maurice
  8062 | D:9      | Killed Maurice
  8099 | D:9      | Reached skill level 14 in Maces & Flails
  8396 | D:9      | Found a staircase to the Orcish Mines.
  8615 | D:9      | Noticed Gastronok
  8770 | D:10     | Entered Level 10 of the Dungeon
  8810 | D:10     | Noticed a two-headed ogre
  8816 | D:10     | Killed a two-headed ogre
  8817 | D:10     | Reached XP level 11. HP: 68/68 MP: 11/11
  9039 | D:10     | Found a staircase to the Lair.
  9415 | D:10     | Found Yjiz's Antique Armour Shoppe.
  9418 | D:10     | Bought a shiny buckler for 247 gold pieces
  9515 | D:10     | Found a bloodstained altar of Trog.
  9517 | D:10     | Found a blossoming altar of Fedhas.
  9535 | D:10     | Found an opulent altar of Gozag.
 10171 | Lair:1   | Entered Level 1 of the Lair of Beasts
 10683 | Lair:1   | Reached skill level 1 in Evocations
 10853 | Lair:1   | Received a gift from Trog
 10988 | Lair:1   | Reached skill level 1 in Shields
 11457 | Lair:2   | Noticed a four-headed hydra
 11465 | Lair:2   | Killed a four-headed hydra
 11466 | Lair:2   | Reached skill level 15 in Maces & Flails
 11850 | Lair:2   | Found a hole to the Spider Nest.
 11850 | Lair:2   | Noticed an orb spider
 12346 | Lair:2   | Killed an orb spider
 12347 | Lair:2   | Reached XP level 12. HP: 68/73 MP: 12/12
 12439 | Lair:2   | Identified a scroll of acquirement
 12461 | Lair:2   | Acquired a +0 demon whip of flaming
 12971 | Lair:3   | Noticed a boulder beetle
 12983 | Lair:3   | Killed a boulder beetle
 13052 | Lair:3   | Reached skill level 16 in Maces & Flails
 13412 | Lair:3   | Reached skill level 5 in Shields
 13493 | Lair:3   | Found a staircase to the Swamp.
 13768 | Lair:4   | Reached skill level 5 in Evocations
 13836 | Lair:4   | Noticed a five-headed hydra
 13847 | Lair:4   | Killed a five-headed hydra
 13956 | Lair:4   | Reached XP level 13. HP: 78/78 MP: 13/13
 15122 | Lair:4   | Received a gift from Trog
 15217 | Lair:5   | Entered Level 5 of the Lair of Beasts
 15228 | Lair:5   | Found a gate leading to a gauntlet.
 15304 | Gauntlet | Entered a Gauntlet
 15304 | Gauntlet | Found a transporter.
 15313 | Gauntlet | Found a transporter.
 15328 | Gauntlet | Found a transporter.
 15333 | Gauntlet | Found a transporter.
 15353 | Gauntlet | Found a transporter.
 15364 | Gauntlet | Found a transporter.
 15379 | Gauntlet | Found a transporter.
 15391 | Gauntlet | Found a transporter.
 15403 | Gauntlet | Found a transporter.
 15411 | Gauntlet | Found a large runed translucent door.
 15412 | Gauntlet | Found a large runed translucent door.
 15413 | Gauntlet | Found a large runed translucent door.
 15413 | Gauntlet | Found a large runed translucent door.
 15414 | Gauntlet | Found a runed translucent gate.
 15415 | Gauntlet | Found a transporter.
 15415 | Gauntlet | Found a runed translucent gate.
 15415 | Gauntlet | Noticed a great orb of eyes
 15416 | Gauntlet | Found a runed translucent gate.
 15417 | Gauntlet | Found a large runed translucent door.
 15417 | Gauntlet | Found a large runed translucent door.
 15418 | Gauntlet | Found a large runed translucent door.
 15419 | Gauntlet | Found a large runed translucent door.
 15428 | Gauntlet | Found a large runed translucent door.
 15428 | Gauntlet | Found a large runed translucent door.
 15428 | Gauntlet | Found a runed translucent door.
 15428 | Gauntlet | Found a runed translucent door.
 15429 | Gauntlet | Found a large runed translucent door.
 15430 | Gauntlet | Found a large runed translucent door.
 15432 | Gauntlet | Found a transporter.
 15440 | Gauntlet | Found a large runed translucent door.
 15440 | Gauntlet | Found a large runed translucent door.
 15441 | Gauntlet | Found a large runed translucent door.
 15442 | Gauntlet | Found a large runed translucent door.
 15450 | Gauntlet | Found a transporter.
 15452 | Gauntlet | Found a transporter.
 15477 | Gauntlet | Found a transporter.
 15479 | Gauntlet | Found a transporter.
 15499 | Gauntlet | Found a transporter.
 15577 | Gauntlet | Found a transporter.
 15597 | Gauntlet | Found a transporter.
 15610 | Gauntlet | Noticed a great orb of eyes
 15824 | Gauntlet | Identified the +2 helmet of Kozaost {rElec rN+ Regen+ SInv}
 15909 | Gauntlet | Identified the +7 shortbow of Resourcefulness {elec, rC+}
 15909 | Gauntlet | Noticed a minotaur
 15929 | Gauntlet | Killed a minotaur
 15960 | Gauntlet | Identified the +0 robe of Hedge Wizardry {Rampage Fly}
 16102 | Lair:5   | Reached skill level 17 in Maces & Flails
 16212 | Lair:5   | Reached skill level 10 in Fighting
 16274 | Lair:5   | Found a viscous altar of Jiyva.
 16274 | Lair:5   | Found a staircase to the Slime Pits.
 16363 | Lair:5   | Gained mutation: Your large and strong wings let you fly.
                  | [Gargoyle growth]
 16363 | Lair:5   | Reached XP level 14. HP: 72/88 MP: 14/14
 16493 | Lair:5   | Reached skill level 18 in Maces & Flails
 16501 | Lair:5   | Identified the +0 plate armour "Plog" {rPois rC+ Int+3
                  | Stlth+}
 16952 | Lair:5   | Found a runed translucent door.
 17186 | Lair:5   | Reached ****** piety under Trog
 17233 | Lair:5   | Acquired a manual of Shields
 17497 | D:11     | Reached skill level 10 in Armour
 17594 | D:11     | Reached skill level 10 in Shields
 17611 | D:11     | Noticed Psyche
 17617 | D:11     | Killed Psyche
 17900 | D:11     | Found a hazy altar of Hepliaklqana.
 18090 | D:12     | Found a frozen archway.
 18100 | IceCv    | Entered an ice cave
 18280 | IceCv    | Received a gift from Trog
 18345 | IceCv    | Found an ancient bone altar of Kikubaaqudgha.
 19034 | D:12     | Reached XP level 15. HP: 92/92 MP: 15/15
 19070 | D:12     | You are sucked into a shaft and drop 1 floor!
 19682 | D:12     | Noticed a tengu reaver
 19709 | D:12     | Killed a tengu reaver
 19742 | D:12     | Noticed a storm dragon
 19828 | D:12     | Reached skill level 5 in Dodging
 19877 | D:12     | Noticed a frost giant
 20006 | D:12     | Killed a storm dragon
 20011 | D:12     | Reached skill level 10 in Evocations
 20047 | D:12     | Killed a frost giant
 20428 | D:12     | Received a gift from Trog
 21585 | D:14     | Noticed Rupert
 21597 | D:14     | Killed Rupert
 21700 | D:14     | Found Gozag's Platinum Reserve.
 21702 | D:14     | Found an opulent altar of Gozag.
 21762 | D:14     | Noticed Louise
 21782 | D:14     | Killed Louise
 22316 | D:14     | Noticed Azrael
 22345 | D:14     | Killed Azrael
 22395 | D:14     | Found a gate to the Vaults.
 22533 | D:15     | Entered Level 15 of the Dungeon
 22611 | D:15     | Reached XP level 16. HP: 92/97 MP: 16/16
 22823 | Orc:1    | Entered Level 1 of the Orcish Mines
 23439 | Orc:2    | Entered Level 2 of the Orcish Mines
 23483 | Orc:2    | Reached skill level 15 in Shields
 23535 | Orc:2    | Found a bloodstained altar of Trog.
 23607 | Orc:2    | Noticed Sonja
 23635 | Orc:2    | Found a staircase to the Elven Halls.
 23635 | Orc:2    | Found Oveyrr's General Store.
 23643 | Orc:2    | Received a gift from Trog
 23644 | Orc:2    | Found the +7 lajatang of Order {silver, rMut}
 23654 | Orc:2    | Killed from afar by an ogre mage

Illustrated notes

Levels and vault maps discovered:
D:1:      mrwooster_arrival_statue, layout_basic, serial_shops, shop,
          kennysheep_minor_cross, nicolae_shop_vocational
D:2:      minmay_recursive_quarters, layout_basic
D:3:      layout_basic, mainiacjoe_overflow_cross_hatched,
          shapermc_ecumenical_altar_acropolis, uniq_robin
D:4:      layout_rooms, nicolae_ru_the_path_less_chosen,
          ebering_ghost_rock_garden
D:5:      layout_loops_ring, minmay_splitting_lines, lemuel_flame_loot_1
D:6:      layout_basic, minmay_temple_entry_statues_pillars,
          kennysheep_decorative_pillar, minmay_crystal_water,
          hangedman_decor_push, uniq_menkaure, uniq_edmund, uniq_duvessa
D:7:      layout_cave_pools, grunt_decor_fettered,
          minmay_misc_feat_secret_circle, dk_noncrumbling_4,
          eino_small_chamber_without_monster, uniq_pikel
D:8:      layout_basic, mainiacjoe_overflow_chevrons, nicolae_ossuary_entry_plus
D:9:      layout_loops_ring, lemuel_tele_altar, david_orc_1_choice,
          uniq_gastronok, uniq_maurice
D:10:     layout_basic, mainiacjoe_overflow_alcove_1,
          grunt_temple_overflow_open, lair_entry_dummy, serial_shops,
          kennysheep_mini
D:11:     layout_irregular_city, nzn_hepliaklqana_mist_gate, uniq_psyche
D:12:     minmay_tile_spiral, layout_long_grid, serial_ice, serial_ice_f,
          serial_ice_e, serial_ice_a, serial_ice_j, serial_ice_m, serial_ice_h,
          serial_ice_c, serial_ice_g, serial_ice_b, serial_ice_n,
          portal_ice_cave_entry_pillars_1, patterned_corridor
D:13:     layout_layer_cave
D:14:     layout_basic, david_vaults_1, nicolae_gozag_zags_fifth_avenue,
          uniq_louise, uniq_rupert, uniq_azrael
D:15:     gammafunk_depths_entry_grave, layout_cave_pools, elyvilon_altar_3,
          nicolae_shop_clearance
Lair:1:   layout_loops_ring, beast_lair_carwin_2, grunt_megastairs_4
Lair:2:   layout_cellular_growth, nicolae_spider_entry_orb_guardian
Lair:3:   layout_regular_city, minmay_swamp_entry_swarm, nzn_sisyphean_effort
Lair:4:   regret_index_harrowing_hell_hive, layout_loops_ring
Lair:5:   hangedman_lair_in_review, layout_cave_pods, wormcave, slime_entry_1,
          gauntlet_entry_generic, st_stairs_11
Orc:1:    layout_caves
Orc:2:    st_orc_open, layout_caves, nicolae_volcano_entry_batcave, basic_altar,
          uniq_sonja

Skill      XL: |  1  2  3  4  5  6  7  8  9 10 11 12 13 14 15 16 |
---------------+-------------------------------------------------+-----
Fighting       | 4 5 6 7 8 10 | 10.0
Maces & Flails | 4 5 6 8 10 12 14 15 16 17 18 | 18.5
Armour         | 4 6 8 10 | 10.0
Dodging        | 4 6 |  6.0
Evocations     | 1 5 8 12 | 12.0
Shields        | 1 7 8 13 14 15 | 15.3

Action                     |  1- 3 |  4- 6 |  7- 9 | 10-12 | 13-15 | 16-18 || total
---------------------------+-------+-------+-------+-------+-------+-------++-------
  Melee: Mace              |    88 |       |       |       |       |       ||    88
         Flail             |     7 |   208 |   186 |   318 |       |       ||   719
         Punch             |       |     1 |     2 |     1 |       |       ||     4
         Demon whip        |       |       |       |   253 |  1408 |   136 ||  1797
 Invoke: Berserk           |     2 |     2 |       |     2 |     4 |       ||    10
         Trog's Hand       |       |       |     1 |     1 |     4 |     1 ||     7
         Brothers in Arms  |       |       |       |       |       |     1 ||     1
  Evoke: Wand              |       |       |     3 |    16 |    80 |     6 ||   105
         Box of beasts     |       |       |       |     1 |     4 |     1 ||     6
         Lightning rod     |       |       |       |       |     4 |     3 ||     7
         Phantom mirror    |       |       |       |       |     2 |       ||     2
         Phial of floods   |       |       |       |       |     1 |     1 ||     2
    Use: Potion            |       |     4 |     1 |       |     6 |     2 ||    13
         Scroll            |       |     3 |       |    30 |    12 |     6 ||    51
   Stab: Distracted        |       |       |       |       |     1 |       ||     1
         Petrified         |       |       |       |       |    12 |       ||    12
         Petrifying        |       |       |       |       |     1 |       ||     1
 Armour: Ring mail         |    51 |   100 |    12 |       |       |       ||   163
         Animal skin       |     4 |       |       |       |       |       ||     4
         Chain mail        |       |       |   106 |   258 |   115 |       ||   479
         Plate armour      |       |       |       |       |   351 |       ||   351
         Scale mail        |       |       |       |       |    16 |       ||    16
         Storm dragon scal |       |       |       |       |    75 |    58 ||   133
         Skin              |       |       |       |       |       |     1 ||     1
  Dodge: Dodged            |    75 |   159 |    97 |   180 |   279 |    54 ||   844
  Block: Buckler           |       |       |       |    54 |   324 |    50 ||   428
